 Dungeon Crawl Stone Soup version 0.27.1-34-g3ba077fa99 (webtiles) character file.

Game seed: 10511198125284507513

75166 Sharkman1231 the Hand of Fortune (level 15, -3/114 (115) HPs)
             Began as a Demonspawn Brigand on Jan 15, 2022.
             Was the Champion of Nemelex Xobeh.
             Slain by an orc warrior (28 damage)
             ... led by an orc warlord
             ... on level 2 of the Orcish Mines.
             The game lasted 00:21:19 (21415 turns).

Sharkman1231 the Hand of Fortune (DsBr)            Turns: 21415, Time: 00:21:20

HP:   -3/114 (115)  AC: 22    Str: 15    XL:     15   Next: 8%
MP:   24/24         EV: 15    Int: 16    God:    Nemelex Xobeh [******]
Gold: 1427          SH:  0    Dex: 18    Spells: 12/14 levels left

rFire    + + .     SeeInvis .   b - +9 battleaxe "Impslayer" {pain, rElec rF+ rN+ Dex-5}
rCold    + . .     Faith    .   (shield currently unavailable)
rNeg     + . .     Spirit   .   H - +2 swamp dragon scales
rPois    +         Reflect  .   p - +0 helmet
rElec    +         Harm     .   c - +0 cloak
rCorr    .         Rampage  .   C - +1 pair of gloves
Will     +++..     Clarity  +   (boots unavailable)
Stlth    ++++++....             q - amulet of regeneration
HPRegen  1.29/turn              M - ring of protection from fire
MPRegen  0.19/turn              i - ring "Jengud" {rC+ AC+4 Str+3}

@: studying Air Magic, lightly drained
A: hooves 3, thin skeletal structure 3, demonic guardian 3, spiny 1, demonic
willpower, clarity, strong-willed 1, wild magic 1, evolution 1
a: Renounce Religion, Draw Escape, Draw Destruction, Draw Summoning, Triple
Draw, Deal Four, Stack Five


You were on level 2 of the Orcish Mines.
You worshipped Nemelex Xobeh.
Nemelex Xobeh was exalted by your worship.
You visited 4 branches of the dungeon, and saw 20 of its levels.

You collected 1497 gold pieces.
You spent 70 gold pieces at shops.

Inventory:

Hand Weapons
 a - a +3 dagger of electrocution
 b - the +9 battleaxe "Impslayer" (weapon) {pain, rElec rF+ rN+ Dex-5}
   (You found it on level 6 of the Lair of Beasts)

   In the hands of one skilled in necromantic magic, it inflicts extra damage on
   living creatures.
   Dex:       It affects your dexterity (-5).
   rF:        It protects you from fire.
   rElec:     It insulates you from electricity.
   rN:        It protects you from negative energy.
 I - a +0 scimitar of flaming
Missiles
 d - 67 poisoned darts (quivered)
 e - 4 curare-tipped darts
 E - 7 throwing nets
Armour
 c - a +0 cloak (worn)
 p - a +0 helmet (worn)
 C - a +1 pair of gloves (worn)
 H - +2 swamp dragon scales (worn)
Jewellery
 i - the ring "Jengud" (right hand) {rC+ AC+4 Str+3}
   (You acquired it on level 9 of the Dungeon)

   [ring of protection]

   AC:        It affects your AC (+4).
   Str:       It affects your strength (+3).
   rC:        It protects you from cold.
 n - a ring of wizardry
 q - an amulet of regeneration (around neck)
 s - a +6 ring of intelligence
 M - a ring of protection from fire (left hand)
 Q - a +6 ring of strength
 U - a ring of resist corrosion
 V - a ring of positive energy
Wands
 o - a wand of flame (31)
 y - a wand of mindburst (2)
 D - a wand of digging (4)
 L - a wand of polymorph (23)
 O - a wand of iceblast (11)
 X - a wand of acid (11)
Scrolls
 j - 2 scrolls of amnesia {unknown}
 m - 4 scrolls of enchant weapon
 u - a scroll of vulnerability {unknown}
 v - 4 scrolls of fear
 w - 3 scrolls of teleportation
 B - 3 scrolls of fog
 G - 3 scrolls of noise {unknown}
 J - a scroll of summoning {unknown}
 N - 4 scrolls of blinking
 S - a scroll of silence
 T - a scroll of torment
 W - a scroll of immolation
Potions
 h - 5 potions of lignification
 k - 2 potions of attraction
 l - 4 potions of might
 r - a potion of invisibility
 t - 2 potions of heal wounds
 x - 3 potions of flight
 z - a potion of haste
 A - 4 potions of resistance
 K - 2 potions of brilliance
 P - 2 potions of curing
 Y - a potion of ambrosia
 Z - 2 potions of mutation


   Skills:
 - Level 10.0 Fighting
 - Level 10.0 Short Blades
 + Level 9.7 Axes
 - Level 1.7 Throwing
 - Level 11.5 Armour
 - Level 8.0 Dodging
 - Level 8.0 Stealth
 + Level 4.3 Necromancy
 - Level 7.1 Translocations
 + Level 12.2 Invocations
 - Level 8.0 Evocations


You had 12 spell levels left.
You knew the following spells:

 Your Spells              Type           Power      Damage    Failure   Level
a - Blink                 Tloc           N/A        N/A       6%          2

Your spell library contained the following spells:

 Spells                   Type           Power      Damage    Failure   Level
 Lesser Beckoning         Tloc           14%        N/A       11%         3
 Sandblast                Erth           0%         2d4       47%         1
 Passwall                 Tmut/Erth      0%         N/A       63%         2
 Manifold Assault         Tloc           29%        N/A       63%         5
 Dazzling Flash           Conj/Hex       0%         N/A       83%         3
 Inner Flame              Hex/Fire       0%         N/A       83%         3
 Stone Arrow              Conj/Erth      0%         3d7       83%         3
 Agony                    Necr           18%        N/A       93%         5
 Animate Armour           Summ/Erth      0%         N/A       99%         4
 Cause Fear               Hex            0%         N/A       99%         4
 Olgreb's Toxic Radiance  Pois           0%         N/A       99%         4
 Borgnjor's Vile Clutch   Necr/Erth      4%         N/A       99%         5
 Alistair's Intoxication  Tmut/Pois      0%         N/A       100%        5
 Blade Hands              Tmut           0%         N/A       100%        5
 Irradiate                Conj/Tmut      0%         3d13      100%        5
 Lee's Rapid Deconstruct  Erth           0%         3d5*      100%        5
 Silence                  Hex/Air        0%         N/A       100%        5
 Eringya's Noxious Bog    Tmut/Pois      0%         N/A       100%        6
 Dragon Form              Tmut           0%         N/A       100%        7
 Ozocubu's Refrigeration  Ice            0%         4d5       100%        7
 Discord                  Hex            0%         N/A       100%        8
 Ignition                 Fire           0%         3d3       100%        8
 Lehudib's Crystal Spear  Conj/Erth      0%         10d2      100%        8
 Dragon's Call            Summ           0%         N/A       100%        9


Dungeon Overview and Level Annotations

Branches:
Dungeon (11/15)            Temple (0/1) D:6            Lair (6/6) D:9
 Shoals (0/4) Lair:3       Spider (0/4) Lair:3        Slime (0/5) Lair:6
    Orc (2/2) D:11            Elf (1/3) Orc:2

Altars:
Ashenzari
Dithmenos
Fedhas
Hepliaklqana
Nemelex Xobeh
Vehumet
Wu Jian
Xom
Yredelemnul
Zin
Jiyva
Lugonu

Shops:
D:9 *

Portals:
Abyss: D:5 Lair:6

Annotations:
D:5 2 transporters, KrombopulosMichael's ghost, novice FoFi
D:7 exclusion: ice statue


Innate Abilities, Weirdness & Mutations

You have hooves in place of feet.
You have an unnaturally thin skeletal structure. (Dex +6, Stealth+++)
A powerful demonic guardian rushes to your aid.
You are partially covered in sharp spines.
You punish those that try to bend your will. (Will+)
You possess an exceptional clarity of mind.
You are strong-willed. (Will+)
Your spells are a little harder to cast, but a little more powerful.
You evolve.


Message History

The orc warlord blocks your attack.
The orc warlord is almost dead.
The orc warlord is struck by your spines.
The orc warlord closely misses you. The orc warlord blocks your attack. x2
The orc warlord is almost dead.
The orc warlord completely misses you.
You slash the orc warlord!
The orc warlord writhes in agony.
The orc warlord is almost dead.
The orc warlord hits you with a +0 long sword!
You slash the orc warlord!
You kill the orc warlord!
You slash the ogre!
The ogre writhes in agony.
The ogre is heavily wounded.
The ogre closely misses you.
You barely miss the ogre. You kick the ogre!
The ogre is almost dead.
The ogre is struck by your spines.
You kill the ogre!
You slice the orc sorcerer!!
The orc sorcerer writhes in agony.
Your kick misses the orc sorcerer.
The orc sorcerer is severely wounded.
The orc sorcerer hits you but does no damage.
You hit the orc sorcerer but do no damage.
The orc sorcerer writhes in agony.
The orc sorcerer is almost dead.
The orc sorcerer hits you but does no damage.
You hit the orc sorcerer.
The orc sorcerer writhes in agony.
You kill the orc sorcerer!
You hit the orc warrior.
The orc warrior writhes in agony.
The orc warrior is moderately wounded.
The orc warrior hits you with a +0 battleaxe!
The orc warrior is struck by your spines.
The orc warrior hits you with a +0 battleaxe!
* * * LOW HITPOINT WARNING * * *
You barely miss the orc warrior.
The orc warrior is severely wounded.
The orc warrior hits you with a +0 battleaxe!!
You die...
Your body glows with a rainbow of weird colours and disappears.

### ##o## ...##
##.#@## .....#
##o###.##
......## ##O##
##.## #......#
##.## ##.#
#......###.##
###
.......#oo##
.........o.###
......)3.....##
......).......#


You could see an orc warrior (strong).

Vanquished Creatures
  A deep elf sorcerer (Orc:2)
  An orc warlord (Orc:2)
  A dire elephant (Lair:6)
  Snorg (D:10)
  2 deep elf death magi
  A deep elf high priest (Orc:2)
  Harold (D:7)
  3 hydras
  A boulder beetle (Lair:2)
  A two-headed ogre (D:9)
  3 death yaks
  A large abomination (Lair:6)
  A deep elf knight (Orc:2)
  4 thrashing horrors (Lair:6)
  Nergalle (Orc:1)
  Pikel (D:7)
  A deep elf archer (Elf:1)
  4 lindwurms (Lair:5)
  An orc knight (Orc:1)
  10 deep elf pyromancers
  8 deep elf zephyrmancers
  3 orc sorcerers
  A manticore (D:11)
  6 elephants
  2 cyclopes
  6 black mambas
  Joseph (D:9)
  7 smoke demons (Lair:6)
  A torpor snail (Lair:2)
  Maggie (D:6)
  8 cane toads
  An unseen horror (D:11)
  6 komodo dragons
  An ancient zyme (Lair:6)
  3 trolls
  7 polar bears
  Prince Ribbit (D:7)
  6 slime creatures (D:11)
  24 blink frogs
  A snapping turtle (Lair:3)
  A dream sheep (Lair:4)
  A blink frog (shapeshifter) (Lair:6)
  A redback (Lair:3)
  A spriggan (Lair:6)
  A wraith (D:11)
  2 ynoxinuls (Lair:6)
  5 wyverns
  42 yaks
  7 basilisks
  A water elemental (Orc:2)
  2 steam dragons
  Grum (D:8)
  A vampire mosquito (D:10)
  11 small abominations (Lair:6)
  2 wargs
  2 acid dragons (D:9)
  23 water moccasins
  16 orc warriors
  2 necrophages
  A black bear (D:5)
  An ice beast (D:7)
  2 sky beasts
  4 boggarts (Lair:6)
  13 wolves
  7 ogres
  4 centaurs
  2 phantoms (D:6)
  10 kobold brigands
  13 bullfrogs
  2 scorpions
  15 killer bees
  An electric eel (Lair:3)
  3 howler monkeys
  A bullfrog zombie (D:7)
  3 centaur zombies
  2 jellies
  4 hounds
  A centaur skeleton (D:4)
  A bullfrog skeleton (D:6)
  6 gnoll shamans
  9 orc priests
  Crazy Yiuf (D:5)
  An iguana (D:7)
  10 orc wizards
  4 hell rats (Lair:5)
  A statue (D:7)
  12 gnolls
  6 adders
  A white imp (D:5)
  3 worms
  2 dart slugs
  43 orcs
  12 ball pythons
  5 bats
  8 endoplasms
  6 giant cockroaches
  13 hobgoblins
  3 jackals
  5 quokkas
  4 frilled lizards
  10 goblins
  21 kobolds
  3 rats
535 creatures vanquished.

Vanquished Creatures (collateral kills)
  Rupert (Lair:4)
  3 hydras
  2 death yaks
  A deep elf pyromancer (Elf:1)
  2 blink frogs (Lair:5)
  A wyvern (D:10)
  3 yaks
  A basilisk (Lair:2)
  A small abomination (Lair:6)
  A bullfrog (Lair:1)
  Robin (D:2)
  An adder (D:2)
  An orc (D:3)
  An endoplasm (D:2)
20 creatures vanquished.

Vanquished Creatures (others)
  A large abomination (Lair:6)
  An orc warrior (D:8)
  An orc wizard (Orc:2)
  16 fungi
  22 plants
41 creatures vanquished.

Grand Total: 596 creatures vanquished

Notes
Turn   | Place    | Note
-------+----------+-------------------------------------------
     0 | D:1      | Sharkman1231 the Demonspawn Brigand began the quest for the
                  | Orb.
     0 | D:1      | Reached XP level 1. HP: 16/16 MP: 1/1
    71 | D:1      | Reached skill level 1 in Dodging
   114 | D:1      | Found a faded altar of an unknown god.
   137 | D:1      | Became a worshipper of Nemelex Xobeh the Trickster
   137 | D:1      | Reached * piety under Nemelex Xobeh
   202 | D:1      | Received a gift from Nemelex Xobeh
   210 | D:1      | Gained mutation: A weak demonic guardian rushes to your
                  | aid. [demonic ancestry]
   210 | D:1      | Reached XP level 2. HP: 14/22 MP: 2/2
   627 | D:1      | Reached skill level 1 in Invocations
   982 | D:2      | Gained mutation: You are partially covered in sharp spines.
                  | [demonic ancestry]
   982 | D:2      | Reached XP level 3. HP: 26/28 MP: 3/3
  1317 | D:2      | Reached ** piety under Nemelex Xobeh
  1551 | D:2      | Gained mutation: You have a somewhat thin skeletal
                  | structure. (Dex +2, Stealth+) [demonic ancestry]
  1551 | D:2      | Reached XP level 4. HP: 30/34 MP: 5/5
  1552 | D:2      | Noticed Robin
  1566 | D:2      | Reached skill level 2 in Invocations
  1574 | D:2      | Killed Robin
  2754 | D:3      | Found a basalt altar of Yredelemnul.
  2894 | D:3      | Found an ornate altar of the Wu Jian Council.
  2894 | D:3      | Found a broken altar of Ashenzari.
  3112 | D:4      | Received a gift from Nemelex Xobeh
  3112 | D:4      | Reached *** piety under Nemelex Xobeh
  3230 | D:4      | Found a blossoming altar of Fedhas.
  3230 | D:4      | Noticed a scorpion
  3238 | D:4      | Killed a scorpion
  3239 | D:4      | Reached XP level 5. HP: 41/41 MP: 5/7
  3369 | D:4      | Reached skill level 3 in Invocations
  3493 | D:4      | Received a gift from Nemelex Xobeh
  3812 | D:5      | Entered Level 5 of the Dungeon
  3856 | D:5      | Reached XP level 6. HP: 47/47 MP: 8/8
  4040 | D:5      | Reached skill level 4 in Invocations
  4050 | D:5      | Gained mutation: You have large cloven feet. [demonic
                  | ancestry]
  4050 | D:5      | Reached XP level 7. HP: 25/53 MP: 10/10
  4287 | D:5      | Found a transporter.
  4357 | D:5      | Found a transporter.
  4367 | D:5      | Reached skill level 5 in Stealth
  4716 | D:5      | Found a one-way gate to the infinite horrors of the Abyss.
  4716 | D:5      | Noticed KrombopulosMichael's ghost (novice FoFi)
  4815 | D:5      | Found a runed translucent door.
  4816 | D:5      | Noticed Crazy Yiuf
  4821 | D:5      | Killed Crazy Yiuf
  5035 | D:6      | Reached **** piety under Nemelex Xobeh
  5421 | D:6      | Reached skill level 5 in Invocations
  5457 | D:6      | Reached XP level 8. HP: 52/61 MP: 11/11
  5568 | D:6      | Found a staircase to the Ecumenical Temple.
  5568 | D:6      | Noticed Maggie
  5582 | D:6      | Killed Maggie
  5583 | D:6      | Reached skill level 5 in Fighting
  6041 | D:7      | Reached skill level 6 in Invocations
  6083 | D:7      | Noticed Prince Ribbit
  6092 | D:7      | Killed Prince Ribbit
  6093 | D:7      | Noticed Harold
  6105 | D:7      | Killed Harold
  6106 | D:7      | Reached skill level 5 in Short Blades
  6106 | D:7      | Reached skill level 5 in Dodging
  6106 | D:7      | Reached skill level 7 in Invocations
  6106 | D:7      | Gained mutation: You have hoof-like feet. [demonic
                  | ancestry]
  6106 | D:7      | Reached XP level 9. HP: 12/69 MP: 10/14
  6666 | D:7      | Found a shadowy altar of Dithmenos.
  6864 | D:7      | Found a radiant altar of Vehumet.
  6865 | D:7      | Noticed Pikel
  6886 | D:7      | Killed Pikel
  7046 | D:7      | Noticed an ice statue
  7048 | D:7      | Reached skill level 8 in Invocations
  7558 | D:8      | Received a gift from Nemelex Xobeh
  7566 | D:8      | Noticed Grum
  7573 | D:8      | Killed Grum
  7579 | D:8      | Gained mutation: You have hooves in place of feet. [demonic
                  | ancestry]
  7579 | D:8      | Reached XP level 10. HP: 71/77 MP: 16/16
  8181 | D:8      | Reached skill level 9 in Invocations
  8648 | D:9      | Found a staircase to the Lair.
  9262 | D:9      | Noticed a two-headed ogre
  9269 | D:9      | Killed a two-headed ogre
  9270 | D:9      | Reached skill level 10 in Invocations
  9270 | D:9      | Gained mutation: You have a moderately thin skeletal
                  | structure. (Dex +4, Stealth++) [demonic ancestry]
  9270 | D:9      | Reached XP level 11. HP: 62/86 MP: 18/18
  9901 | D:9      | Received a gift from Nemelex Xobeh
 10437 | D:9      | Noticed Joseph
 10447 | D:9      | Killed Joseph
 10607 | D:9      | Found Wuikouth's General Store.
 10615 | D:9      | Bought a potion of curing for 30 gold pieces
 10615 | D:9      | Bought a scroll of fog for 20 gold pieces
 10615 | D:9      | Bought a scroll of identify for 20 gold pieces
 10615 | D:9      | Identified 2 scrolls of acquirement
 10622 | D:9      | Acquired a manual of Armour
 10624 | D:9      | Acquired the ring "Jengud" {rC+ AC+4 Str+3}
 10908 | Lair:1   | Entered Level 1 of the Lair of Beasts
 10912 | Lair:1   | Noticed a five-headed hydra
 10931 | Lair:1   | Received a gift from Nemelex Xobeh
 10936 | Lair:1   | Killed a five-headed hydra
 12002 | Lair:2   | Reached ***** piety under Nemelex Xobeh
 12251 | Lair:2   | Reached skill level 10 in Fighting
 12401 | Lair:2   | Received a gift from Nemelex Xobeh
 12469 | Lair:2   | Reached skill level 10 in Short Blades
 12469 | Lair:2   | Gained mutation: You punish those that try to bend your
                  | will. (Will+) [demonic ancestry]
 12469 | Lair:2   | Reached XP level 12. HP: 77/97 MP: 19/19
 12567 | Lair:2   | Noticed a death yak
 12571 | Lair:2   | Noticed a death yak
 12586 | Lair:1   | Killed a death yak
 12778 | Lair:2   | Killed a death yak
 12983 | Lair:2   | Noticed an eight-headed hydra
 12993 | Lair:2   | Killed an eight-headed hydra
 12994 | Lair:2   | Reached skill level 5 in Armour
 13026 | Lair:2   | Noticed a boulder beetle
 13044 | Lair:2   | Killed a boulder beetle
 14034 | Lair:3   | Found a hole to the Spider Nest.
 14154 | Lair:3   | Received a gift from Nemelex Xobeh
 14272 | Lair:3   | Found a staircase to the Shoals.
 14806 | Lair:4   | Reached skill level 10 in Armour
 14836 | Lair:4   | Noticed a four-headed hydra
 14843 | Lair:4   | Killed a four-headed hydra
 14921 | Lair:4   | Noticed Rupert
 14934 | Lair:4   | Identified the +1 long sword of Enelucym {vorpal, rElec rF+
                  | rN+ Str-2 Int-5}
 14943 | Lair:4   | Killed Rupert
 14958 | Lair:4   | Noticed a death yak
 14961 | Lair:4   | Noticed a death yak
 14965 | Lair:4   | Killed a death yak
 14966 | Lair:4   | Noticed a death yak
 14977 | Lair:4   | Killed a death yak
 14987 | Lair:4   | Killed a death yak
 15318 | Lair:4   | Noticed an eight-headed hydra
 15336 | Lair:4   | Killed an eight-headed hydra
 15337 | Lair:4   | Gained mutation: You have an unnaturally thin skeletal
                  | structure. (Dex +6, Stealth+++) [demonic ancestry]
 15337 | Lair:4   | Reached XP level 13. HP: 53/103 MP: 20/20
 15427 | Lair:4   | Received a gift from Nemelex Xobeh
 15431 | Lair:4   | Learned a level 2 spell: Blink
 15850 | Lair:5   | Reached skill level 5 in Evocations
 16018 | Lair:5   | Gained mutation: You are strong-willed. (Will+) [potion of
                  | mutation]
 16018 | Lair:5   | Gained mutation: You evolve. [potion of mutation]
 16018 | Lair:5   | Gained mutation: Your spells are a little harder to cast,
                  | but a little more powerful. [potion of mutation]
 16729 | Lair:6   | Entered Level 6 of the Lair of Beasts
 16747 | Lair:6   | Reached skill level 1 in Translocations
 16850 | Lair:6   | Found a viscous altar of Jiyva.
 16851 | Lair:6   | Found a staircase to the Slime Pits.
 16913 | Lair:6   | Noticed a dire elephant
 16925 | Lair:6   | Killed a dire elephant
 16985 | Lair:6   | Received a gift from Nemelex Xobeh
 17041 | Lair:6   | Identified the +9 battleaxe "Impslayer" {pain, rElec rF+
                  | rN+ Dex-5}
 17080 | Lair:6   | Reached ****** piety under Nemelex Xobeh
 17127 | Lair:6   | Reached skill level 1 in Axes
 17137 | Lair:6   | Reached skill level 5 in Translocations
 17728 | Lair:6   | Received a gift from Nemelex Xobeh
 17760 | Lair:6   | Reached skill level 5 in Axes
 17777 | Lair:6   | Gained mutation: A demonic guardian rushes to your aid.
                  | [demonic ancestry]
 17777 | Lair:6   | Reached XP level 14. HP: 67/110 MP: 21/21
 17882 | Lair:6   | Found a corrupted altar of Lugonu.
 18311 | D:10     | Entered Level 10 of the Dungeon
 18409 | D:10     | Noticed Snorg
 18417 | D:10     | Killed Snorg
 18600 | D:10     | Found a shimmering altar of Xom.
 18607 | D:10     | Found a hazy altar of Hepliaklqana.
 18940 | D:11     | Found a staircase to the Orcish Mines.
 18961 | D:11     | Received a gift from Nemelex Xobeh
 19112 | D:11     | Gained mutation: You possess an exceptional clarity of
                  | mind. [evolution]
 19166 | D:11     | Received a gift from Nemelex Xobeh
 19515 | D:11     | Received a gift from Nemelex Xobeh
 19724 | Orc:1    | Entered Level 1 of the Orcish Mines
 19724 | Orc:1    | Received a gift from Nemelex Xobeh
 19812 | Orc:1    | Noticed Nergalle
 19819 | Orc:1    | Killed Nergalle
 20079 | Orc:1    | Received a gift from Nemelex Xobeh
 20173 | Orc:2    | Entered Level 2 of the Orcish Mines
 20173 | Orc:2    | Found a staircase to the Elven Halls.
 20260 | Elf:1    | Entered Level 1 of the Elven Halls
 20378 | Orc:2    | Reached skill level 11 in Invocations
 20641 | Orc:2    | Reached skill level 1 in Necromancy
 20726 | Elf:1    | Noticed a deep elf sorcerer
 20894 | Orc:2    | Killed a deep elf sorcerer
 21013 | Orc:2    | HP: 4/106 [something/shard of ice (29)]
 21122 | Elf:1    | Noticed a deep elf sorcerer
 21128 | Elf:1    | Reached skill level 12 in Invocations
 21130 | Elf:1    | Gained mutation: A powerful demonic guardian rushes to your
                  | aid. [demonic ancestry]
 21130 | Elf:1    | Reached XP level 15. HP: 88/115 MP: 22/24
 21134 | Elf:1    | HP: 1/115 [deep elf archer/arrow (10)]
 21260 | Orc:2    | Noticed an orc warlord
 21408 | Orc:2    | Killed an orc warlord
 21415 | Orc:2    | Slain by an orc warrior

Illustrated notes

Levels and vault maps discovered:
D:1:      amcnicky_arrival_single_pillar, layout_loops_ring,
          ebering_ecumenical_altar_sacrificial, minmay_misc_feat_tiny,
          minmay_ruptured
D:2:      layout_loops_ring, uniq_robin
D:3:      layout_basic, mainiacjoe_overflow_chevrons,
          gammafunk_temple_overflow_elements
D:4:      layout_gridville, fedhas_altar_3, minmay_misc_feat_iff
D:5:      layout_loops_cross, gammafunk_ghost_abyssal_escape, minmay_between,
          uniq_crazy_yiuf_cottage
D:6:      layout_loops_ring, zin_academy, minmay_temple_entry_mini_moons,
          patterned_corridor, uniq_maggie
D:7:      lemuel_ice_statue, layout_cave_pools, vehumet_statue,
          nicolae_dithmenos_shadow_blocks, hangedman_abyss_or_decor_stabs,
          kennysheep_generic_room_10, uniq_pikel, uniq_harold,
          uniq_prince_ribbit1
D:8:      layout_basic, uniq_grum
D:9:      kennysheep_seaside_town, layout_irregular_city,
          minmay_lair_entry_grove, nicolae_two_hexagons,
          hellmonk_bongcloud_opening, nicolae_stop_n_shop_2,
          grunt_ministairs_11, uniq_joseph
D:10:     layout_rooms, mainiacjoe_overflow_cross_hatched, xom_confusion_cloud,
          uniq_snorg
D:11:     layout_stronghold, david_orc_2, nicolae_wwwww
Lair:1:   layout_loops_ring, grunt_megastairs_4
Lair:2:   layout_cave_pods
Lair:3:   layout_cave_pods, minmay_shoals_entry_hut, spider_nest_entry_a,
          chequers_serial_rivers_micro_e
Lair:4:   layout_small_grid, wad_woods_road_03, grunt_megastairs_3, uniq_rupert
Lair:5:   layout_gridlike, minmay_lindwurm_lava
Lair:6:   hellmonk_lair_end_abyssal_woods, layout_regular_city, slime_altar_1,
          kilobyte_rumbling_trees
Orc:1:    layout_diamond_mine, uniq_nergalle
Orc:2:    kennysheep_orc_mage_school, layout_caves
Elf:1:    eino_elf_arrival_the_gate, layout_gridlike, minmay_elf_sorcery

Skill      XL: |  1  2  3  4  5  6  7  8  9 10 11 12 13 14 15 |
---------------+----------------------------------------------+-----
Dodging        | 1 2 3 5 7 8 |  8.0
Short Blades   | 2 3 4 5 6 7 10 | 10.0
Invocations    | 1 2 3 4 5 7 8 10 12 | 12.2
Stealth        | 4 5 6 7 8 |  8.0
Fighting       | 3 4 5 6 8 10 | 10.0
Armour         | 11 | 11.5
Evocations     | 4 8 |  8.0
Translocations | 6 7 |  7.1
Axes           | 5 9 |  9.7
Necromancy     | 3 4 |  4.3
Throwing       | |  1.7

Action                   |  1- 3 |  4- 6 |  7- 9 | 10-12 | 13-15 || total
-------------------------+-------+-------+-------+-------+-------++-------
Melee: Rapier            |    90 |   107 |    50 |       |       ||   247
       Dagger            |     3 |       |   129 |   590 |   707 ||  1429
       Kick              |       |       |       |   237 |   365 ||   602
       Battleaxe         |       |       |       |       |   143 ||   143
Throw: Dart              |       |       |       |     7 |       ||     7
Invok: Draw Destruction  |       |     1 |     6 |     1 |     1 ||     9
       Triple Draw       |       |       |     1 |       |       ||     1
       Draw Summoning    |       |       |       |     7 |     2 ||     9
Evoke: Wand              |       |       |       |     2 |    11 ||    13
  Use: Scroll            |       |     3 |     3 |     8 |    11 ||    25
       Potion            |       |       |       |     2 |     6 ||     8
 Stab: Sleeping          |    12 |    12 |     8 |    26 |    37 ||    95
       Distracted        |       |       |     1 |     2 |     5 ||     8
Armor: Robe              |    15 |    26 |    26 |       |       ||    67
       Swamp dragon scal |       |       |    25 |   133 |   361 ||   519
       Skin              |       |       |       |    30 |       ||    30
Dodge: Dodged            |    43 |    66 |    66 |   294 |   497 ||   966
